Map: Prion Terraces

Players

dbear - Winner!

  • Race: Protoss Protoss

LilDicky

  • Race: Terran Terran
  • League: Diamond

VOD

http://www.twitch.tv/tumescentpie

Description

Time

  • Played on: Nov. 25, 2015, 10:54 p.m.
  • Length: 5:54
Show
View Real Time Build Order
Export as new Build Order

dbear Protoss - Winner!

Build Orders: Mass Adepts 

Get SALT Encoding   

  12  0:01  Probe (Chrono Boost)  
  14  0:19  Pylon  
  14  0:20  Probe (Chrono Boost)  
  14  0:31  Probe (Chrono Boost)  
  15  0:40  Gateway  
  15  0:41  Probe (Chrono Boost)  
  16  0:52  Probe (Chrono Boost)  
  16  0:55  Gateway  
  17  0:59  Assimilator  
  17  1:02  Probe (Chrono Boost)  
  18  1:13  Probe (Chrono Boost)  
  19  1:23  Probe (Chrono Boost)  
  20  1:28  Cybernetics Core  
  20  1:32  Pylon  
  20  1:34  Probe (Chrono Boost)  
  20  1:37  Assimilator  
  21  1:45  Probe (Chrono Boost)  
  22  1:55  Probe (Chrono Boost)  
  23  2:05  Probe, Warp Gate (Chrono Boost)  
  23  2:06  Adept x2  
  28  2:15  Pylon  
  28  2:17  Probe  
  29  2:29  Robotics Facility  
  29  2:33  Adept  
  29  2:36  Adept  
  33  2:39  Probe  
  34  2:48  Pylon  
  35  2:51  Probe  
  35  3:00  Gateway  
  35  3:03  Probe  
  36  3:05  Adept  
  36  3:12  Adept  
  40  3:23  Warp Prism (Chrono Boost)  
  42  3:38  Mothership Core  
  44  4:00  Immortal (Chrono Boost)  
  43  4:05  Pylon  
  43  4:08  Pylon  
  41  4:36  Adept x3  
  47  4:39  Probe  
  47  4:42  Observer (Chrono Boost)  
  49  4:51  Probe  
  44  4:56  Adept  
  44  4:57  Adept x2  
  46  5:03  Probe  
  47  5:15  Probe  
  48  5:25  Stalker x3  
  48  5:28  Probe  
  39  5:40  Probe  
  36  5:51  Stalker x2  
  36  5:52  Stalker  
Show
View Real Time Build Order
Export as new Build Order

LilDicky Terran 

Build Orders: MMM Bio 

Get SALT Encoding   

  12  0:01  SCV  
  13  0:13  SCV  
  14  0:18  Supply Depot  
  14  0:25  SCV  
  15  0:30  Refinery  
  15  0:39  SCV  
  16  0:45  Barracks  
  16  0:51  SCV  
  17  1:03  SCV  
  18  1:15  SCV  
  20  1:34  Orbital Command  
  20  1:35  Marine  
  20  1:36  Barracks  
  20  1:40  Supply Depot  
  20  1:53  Marine  
  21  2:00  SCV  
  22  2:05  Barracks  
  22  2:08  Barracks  
  22  2:12  SCV  
  23  2:16  Barracks Reactor, Refinery  
  23  2:21  Factory  
  23  2:25  SCV  
  24  2:34  Supply Depot  
  25  2:37  SCV  
  25  2:50  SCV  
  26  2:53  Barracks Tech Lab  
  26  2:55  Barracks Tech Lab  
  26  2:58  Marine x2  
  27  3:02  SCV  
  29  3:14  Supply Depot, Combat Shields, SCV  
  29  3:15  Stimpack, Marine x2  
  29  3:19  Widow Mine  
  34  3:29  Engineering Bay  
  34  3:30  Marine  
  34  3:34  Marine  
  36  3:46  Marine x2  
  36  3:59  Bunker  
  36  4:05  Marauder x2  
  36  4:07  Marine x2  
  33  4:24  Marine  
  33  4:25  Marine  
  33  4:26  Marauder x2  
  37  4:34  Concussive Shells  
  37  4:37  Widow Mine  
  39  4:42  Marine x2  
  41  4:49  Marine x2  
  42  4:59  Starport  
  39  5:15  Marauder  
  39  5:23  Supply Depot  
  37  5:34  Marine x2  
Tags
 
Add a new tag
Caveats
  • Supply blocks, unpowered buildings, or Contaminate may cause inaccurate times.
  • Supply counts are checked every 10 seconds.